 Dungeon Crawl Stone Soup version 0.27.1-33-g824d729ab1 (webtiles) character file.

Game seed: 17454155154367294183

146 Laukis the Chopper (level 5, -2/48 HPs)
             Began as a Gargoyle Berserker on Dec 3, 2021.
             Was a Priest of Trog.
             Slain by a hornet zombie (3 damage)
             ... on level 4 of the Dungeon.
             The game lasted 00:05:37 (3139 turns).

Laukis the Chopper (Gargoyle Berserker)             Turns: 3139, Time: 00:05:38

Health: -2/48      AC: 10    Str: 21    XL:     5   Next: 28%
Magic:  5/5        EV: 11    Int:  8    God:    Trog [***...]
Gold:   58         SH:  0    Dex:  9    Spells: 4/4 levels left

rFire    . . .     SeeInvis .   a - +0 hand axe
rCold    . . .     Faith    .   (no shield)
rNeg     + . .     Spirit   .   l - +0 ring mail
rPois    ∞         Reflect  .   (no helmet)
rElec    +         Harm     .   (no cloak)
rCorr    .         Rampage  .   (no gloves)
Will     .....                  c - +0 pair of boots
Stlth    ..........             (no amulet)
HPRegen  0.16/turn              (no ring)
MPRegen  0.09/turn              (no ring)

@: berserking, very quick
A: sickness immunity, AC +4, negative energy resistance 1, electricity
resistance, torment resistance 1, petrification resistance
a: Renounce Religion, Berserk, Trog's Hand


You were on level 4 of the Dungeon.
You worshipped Trog.
Trog was most pleased with you.
You visited 1 branch of the dungeon, and saw 4 of its levels.

You collected 58 gold pieces.

Inventory:

Hand Weapons
 a - a +0 hand axe (weapon)
Armour
 c - a +0 pair of boots (worn)
 l - a +0 ring mail (worn)
Jewellery
 q - a ring of ice
Wands
 r - a wand of iceblast (7)
Scrolls
 d - a scroll of noise {unknown}
 e - a scroll of magic mapping {unknown}
 g - a scroll of blinking {unknown}
 i - a scroll of fog {unknown}
 n - a scroll of acquirement {unknown}
 o - a scroll of identify {unknown}
 s - a scroll of fear {unknown}
Potions
 b - a potion of ambrosia {unknown}
 f - 4 potions of curing {unknown}
 h - 2 potions of degeneration {unknown}
 j - a potion of haste {unknown}
 k - a potion of heal wounds {unknown}
 m - 2 potions of resistance {unknown}
 p - a potion of flight {unknown}


   Skills:
 - Level 3.2 Fighting
 * Level 5.3 Axes
 - Level 2.1 Armour
 - Level 1.5 Dodging


You had 4 spell levels left.
You didn't know any spells.
Your spell library was empty.

Dungeon Overview and Level Annotations

Branches:
Dungeon (4/15)
 Temple: D:4-7

Altars:
Wu Jian


Innate Abilities, Weirdness & Mutations

You are immune to sickness and miasma.
Your stone body is resilient. (AC +4)
You are immune to poison.
You resist negative energy. (rN+)
You are resistant to electric shocks. (rElec)
You are resistant to unholy torment.
You are immune to petrification.


Message History

You hit the hornet zombie but do no damage.
The hornet zombie is lightly damaged.
The hornet zombie misses you.
You closely miss the hornet zombie.
The hornet zombie is lightly damaged.
The hornet zombie hits you but does no damage.
The hornet zombie hits you.
You hit the hornet zombie.
The hornet zombie is moderately damaged.
The hornet zombie hits you.
* * * LOW HITPOINT WARNING * * *
A red film seems to cover your vision as you go berserk!
You feel yourself moving faster!
You feel mighty!
The hornet zombie completely misses you.
You slash the hornet zombie!
The hornet zombie is moderately damaged.
The hornet zombie barely misses you.
You slash the hornet zombie!
The hornet zombie is heavily damaged.
The hornet zombie hits you but does no damage.
You completely miss the hornet zombie.
The hornet zombie is heavily damaged.
The hornet zombie barely misses you.
You closely miss the hornet zombie.
The hornet zombie is heavily damaged.
The hornet zombie closely misses you.
You slash the hornet zombie!
The hornet zombie is severely damaged.
The hornet zombie hits you!
* * * LOW HITPOINT WARNING * * *
You barely miss the hornet zombie.
The hornet zombie is severely damaged.
You hit the hornet zombie.
The hornet zombie is severely damaged.
The hornet zombie hits you.
* * * LOW HITPOINT WARNING * * *
You hit the hornet zombie.
The hornet zombie is severely damaged.
The hornet zombie hits you.
You die...

###### ##### #....#
#...# #....# ....###
#....# ......###
#....####### ....≈...#
#..........#
...≈≈...####..........#
....≈.......####@.....#
............# #.Z....#
..#.........# #......+
..#.........# #......#
###.........# #(.....#
#####....## #####....
#....# .... +....+ ...


You could see a hornet zombie.

Vanquished Creatures
  A howler monkey (D:3)
  2 adders
  A worm (D:2)
  3 dart slugs
  2 orcs (D:3)
  6 ball pythons
  7 bats
  9 endoplasms
  5 giant cockroaches
  8 goblins
  5 hobgoblins
  6 jackals (D:2)
  3 kobolds
  2 quokkas (D:1)
  5 frilled lizards (D:1)
  5 rats
70 creatures vanquished.

Notes
Turn   | Place    | Note
-------+----------+-------------------------------------------
     0 | D:1      | Laukis the Gargoyle Berserker began the quest for the Orb.
     0 | D:1      | Reached XP level 1. HP: 14/14 MP: 1/1
   194 | D:1      | Reached skill level 3 in Axes
   202 | D:1      | Reached XP level 2. HP: 18/19 MP: 2/2
   407 | D:1      | Reached XP level 3. HP: 7/23 MP: 3/3
  1034 | D:1      | Reached ** piety under Trog
  1268 | D:2      | Reached skill level 4 in Axes
  1310 | D:2      | Found an ornate altar of the Wu Jian Council.
  1852 | D:2      | Reached XP level 4. HP: 26/28 MP: 4/4
  2093 | D:2      | Found a faded altar of an unknown god.
  2759 | D:3      | Reached *** piety under Trog
  2949 | D:3      | Reached skill level 5 in Axes
  2949 | D:3      | Reached XP level 5. HP: 28/32 MP: 5/5
  3138 | D:4      | HP: 1/48 [hornet zombie (3)]
  3139 | D:4      | Slain by a hornet zombie

Illustrated notes

Levels and vault maps discovered:
D:1:      zaba_arrival_water, layout_loops_cross
D:2:      layout_loops_corners, basic_altar, ebering_ecumenical_altar_box,
          minmay_misc_feat_encased
D:3:      layout_rooms
D:4:      minmay_chambers_of_fours, layout_gridville,
          mainiacjoe_overflow_big_doors, serial_rivers,
          chequers_serial_rivers_micro_e, chequers_serial_rivers_room_a,
          chequers_serial_rivers_micro_c, chequers_serial_rivers_small_b,
          chequers_serial_rivers_micro_c

Skill      XL: |  1  2  3  4 |
---------------+-------------+-----
Axes           | 3 4 5 |  5.3
Fighting       | |  3.2
Armour         | |  2.1
Dodging        | |  1.5

Action                   |  1- 3 |  4- 6 || total
-------------------------+-------+-------++-------
Melee: Hand axe          |   126 |   148 ||   274
Invok: Berserk           |       |     1 ||     1
 Stab: Sleeping          |     1 |       ||     1
Armor: Animal skin       |    35 |       ||    35
       Ring mail         |    10 |    66 ||    76
Dodge: Dodged            |    80 |    76 ||   156
